[Event "GRENKE Chess Classic and Open 2024"]
[Site "Karlsruhe, Germany"]
[Date "2024.03.31"]
[Round "10"]
[White "Keymer, Vincent"]
[Black "Ding, Liren"]
[Result "1-0"]
[ECO "A09"]
[WhiteElo "2627"]
[BlackElo "2818"]
[Annotator "rafael"]
[PlyCount "61"]
[EventDate "2024.??.??"]
[TimeControl "2700+10"]

1. Nf3 d5 2. g3 Nf6 3. Bg2 g6 4. c4 dxc4 5. Qa4+ Nfd7 6. h4 {It's no wonder that capturing on c4 immediately is the most popular move, but there's nothing terribly wrong with the optimistic and thematic h-pawn advance.} ({RR} 6. Qxc4 Bg7 7. O-O O-O 8. d3 c5 9. Nc3 Nc6 10. Be3 b6 11. Qh4 Bb7 12. d4 cxd4 13. Nxd4 Nxd4 14. Bxd4 Bxg2 15. Kxg2 Nf6 16. Rfd1 Qc7 17. Rac1 Qb7+ 18. f3 Rfd8 19. Qf4 Rac8 20. Qe3 h5 {Grischuk,A (2777)-Aronian,L (2773) chess24.com INT 2020 0-1 (97)}) ({RR} 6. O-O Bg7 7. Qxc4 O-O 8. d3 Nb6 9. Qh4 Nc6 10. Nc3 a5 11. Bh6 f6 12. Bxg7 Kxg7 13. d4 Nb4 14. Rfd1 c6 15. Qf4 a4 16. e4 Nc4 17. Qc1 a3 18. bxa3 Nxa3 19. Qb2 {½-½ (19) Dunnington,A (2256)-Urh,Z (2256) Darlington ENG 2024}) 6... Nc6 $146 {Now Black is threatening Nb6, so the pawn has to be taken.} ({RR} 6... h5 7. Ng5 Bg7 8. Na3 O-O 9. Nxc4 Na6 10. O-O Nb6 11. Nxb6 axb6 12. d3 Bd7 13. Qc4 Nc5 14. Rb1 Bc6 15. Bxc6 bxc6 16. b4 Na4 17. Bd2 Qd5 18. Rfc1 Rfc8 19. Rc2 Qxc4 20. Rxc4 c5 21. bxc5 {Vulevic,V (2293)-Liepold,S (2254) Basel 2011 0-1 (83)}) 7. Qxc4 Bg7 {Black doesn't need to worry too much about the pawn advance to h5, but if he wanted he could play h7-h6 immediately, with the idea of responding to h4-h5 with g6-g5.} (7... h6) 8. Nc3 (8. h5 {is possible and perhaps even more natural—after all, why else bother advancing the pawn to h4 $2 In any case, Black's position is good after} Nb6 9. Qb3 Be6) 8... Nb6 9. Qb3 h6 {Black decides to take a prophylactic measure. This is a very common move when White advances the h-pawn. It serves two purposes: on the one hand, it prepares g6-g5 if the pawn continues to advance, while on the other hand, it takes away the g5-square from the white knight.} 10. d3 O-O 11. O-O e5 {Black has a fine and probably even slightly better position. He has finished development, has good central control, and White's queen is not well-placed on b3.} 12. Ne4 a5 $5 {[%c_effect a5;square;a5;type;Interesting;persistent;true] Preparing to bother White's queen with a5-a4. There are other good moves as well.} (12... Be6 {is fine, immediately attacking the queen.}) (12... Kh8 {was played in Kovacevic-Lanka, Pula 1993.}) 13. Bd2 Bg4 {One of the drawbacks of the pawn advance to h4 is that this bishop can no longer be attacked with h2-h3.} (13... a4 {is logical: again, the question is why advance the pawn to a5 if you're not going to keep advancing it $2}) (13... Be6 {This is the machine's favorite move.} 14. Qc2 Nd7 {Preventing Nc5, with a good position for Black.}) 14. Qd1 {Black was threatening Bxf3 followed by Nd4.} Nd5 15. Rc1 Nd4 {Starting now, Ding Liren plays a series of misguided moves. This is not a serious error, but it already puts Black in danger.} (15... Nce7 $1 {[%c_effect e7;square;e7;type;GreatFind;persistent;true] is better, preparing b6-c5, reinforcing the center and leaving the knight on e4 without a good attacking square.}) 16. Nxd4 exd4 17. Qb3 $1 {[%c_effect b3;square;b3;type;GreatFind;persistent;true] The threat of capturing the b7-pawn is unpleasant.} c6 $2 (17... Bxe2 $2 {[%c_effect e2;square;e2;type;Mistake;persistent;true] is wrong:} 18. Rfe1 Bg4 19. Nc5 {with too many threats on the queenside.}) (17... b6 $2 18. Qxd5 $1 {[%c_effect d5;square;d5;type;GreatFind;persistent;true] This is an important tactical theme.} Qxd5 19. Nf6+ Bxf6 20. Bxd5 Rad8 21. Be4 {White wins a pawn, since both c7 and h6 are threatened.}) (17... a4 $1 {[%c_effect a4;square;a4;type;GreatFind;persistent;true] The best move.} 18. Qxb7 Rb8 19. Qc6 (19. Qxd5 Qxd5 20. Nf6+ Bxf6 21. Bxd5 Rxb2 22. Bxh6 Rd8 {leads to simplification and an equal positioin.}) 19... Rxb2 {Black has enough counterplay to keep the game equal.}) 18. Qxb7 $1 Bxe2 $2 {[%c_effect e2;square;e2;type;Mistake;persistent;true] Another mistake.} (18... Rb8 {is necessary:} 19. Qxc6 Rxb2 20. Rc2 Rxc2 21. Qxc2 Qc8 {with some chances of surviving in this position a pawn down.} (21... Bxe2 $6 {[%c_effect e2;square;e2;type;Inaccuracy;persistent;true] is worse:} 22. Re1 Bg4 23. Qc5 {with a clear advantage for White.})) 19. Rfe1 Bxd3 20. Nc5 $1 Rb8 (20... Bb5 {protects the pawn on c6, but not for long.} 21. a4 $1 (21. Nd7 {is also possible, but less convincing after} Qc8 $1 22. Qxb5 Qxd7 23. Qxc6 Qxc6 24. Rxc6 Nb4) 21... Rb8 22. Qa7 Ra8 23. Qd7 Qxd7 24. Nxd7 {winning the exchange.}) 21. Qxc6 Rxb2 $2 {[%c_effect b2;square;b2;type;Mistake;persistent;true] The final error.} (21... Nb4 $1 {[%c_effect b4;square;b4;type;GreatFind;persistent;true] is the last hope.} 22. Bxb4 Bb5 $1 {[%c_effect b5;square;b5;type;GreatFind;persistent;true] The only way to save the piece.} 23. Ne6 $1 Bxc6 24. Nxd8 Rfxd8 25. Bxa5 Bxg2 {Now White must choose between a position a pawn up or an exchange up. Both should be winning.} 26. Kxg2 (26. Bxd8 Bd5) 26... Rd5 27. b4 {with two strong passed pawns.}) 22. Bxd5 Bb5 (22... Rxd2 {loses in many ways.} 23. Nxd3 (23. Nd7 {also wins easily.}) 23... Rxd3 24. Bxf7+ $1 Rxf7 (24... Kxf7 25. Qe6#) 25. Re8+ {winning the queen.}) 23. Qb7 d3 24. Ne6 {A nice winning move.} (24. Rb1 {is simple and good.}) 24... fxe6 25. Rxe6 Kh8 (25... Kh7 26. Bc3) 26. Rxg6 Bd7 27. Rxh6+ $1 Bxh6 28. Qxb2+ Bg7 29. Bc3 Bxc3 30. Qxc3+ Qf6 31. Be4 {Black will lose another pawn. The World Champion's terrible form persists.} 1-0

[Event "July 23 Late 2024"]
[Site "Chess.com"]
[Date "2024.07.23"]
[Round "1.4"]
[White "Andreikin, Dmitry"]
[Black "Koutlas, Nikolaos"]
[Result "1-0"]
[ECO "A05"]
[WhiteElo "3118"]
[BlackElo "2540"]
[PlyCount "123"]
[EventDate "2024.??.??"]
[WhiteTeam "FID"]
[BlackTeam "GRE"]
[TimeControl "180+1"]
[WhiteClock "0:01:27"]

1. Nf3 ({RR} 1. b3 Nf6 2. Bb2 g6 3. c4 Bg7 4. g3 O-O 5. Bg2 c5 6. Nf3 {½-½ (13) Wallner,J (2261)-Schroll,G (2236) Austria AUT 2024}) 1... Nf6 2. b3 g6 3. Bb2 Bg7 4. c4 c5 5. g3 Nc6 6. Bg2 O-O 7. O-O d5 8. cxd5 Nxd5 9. Bxg7 Kxg7 10. Qc1 b6 11. Nc3 Bb7 12. Rd1 Rc8 13. Qb2 Kg8 14. h4 $146 h5 15. Nxd5 Qxd5 16. Ng5 Qd4 17. Qxd4 cxd4 18. Rac1 Na5 19. Bxb7 Nxb7 20. Nf3 d3 21. e3 Nc5 22. Ne5 Rfd8 23. Rc4 a5 24. Rdc1 Kg7 25. Rd4 f6 26. Nxd3 Nxd3 27. Rxc8 Rxc8 28. Rxd3 Rc2 29. a4 Kf7 30. Kf1 Ke6 31. Ke2 Rb2 32. Rc3 Kd7 33. f4 Rb1 34. e4 e5 35. fxe5 fxe5 36. Kd3 Re1 37. b4 axb4 38. Rb3 Kc6 39. Rxb4 Rg1 40. Rb5 Rxg3+ 41. Kc4 Ra3 42. Rxe5 Rxa4+ 43. Kd3 Kd6 44. Rg5 Ra3+ 45. Kd4 Rh3 46. Rxg6+ Kc7 47. e5 Rxh4+ 48. Kd5 Rg4 49. Rh6 h4 50. Rh7+ Kd8 51. d4 b5 52. e6 b4 53. Ke5 b3 54. d5 b2 55. Rb7 Rg2 56. e7+ Ke8 57. d6 Re2+ 58. Kf6 Rf2+ 59. Kg5 Rd2 60. Rb8+ Kd7 61. e8=Q+ Kxd6 62. Qd8+ 1-0

[Event "July 23 Late 2024"]
[Site "Chess.com"]
[Date "2024.07.23"]
[Round "2.9"]
[White "Ahmad, Khagan"]
[Black "Kollars, Dmitrij"]
[Result "1-0"]
[ECO "A07"]
[WhiteElo "2644"]
[BlackElo "3027"]
[PlyCount "163"]
[EventDate "2024.??.??"]
[WhiteTeam "AZE"]
[BlackTeam "GER"]
[TimeControl "180+1"]
[WhiteClock "0:00:02"]
[BlackClock "0:00:05"]

1. Nf3 d5 2. g3 Nc6 3. d3 e5 4. Bg2 Nf6 5. O-O h6 6. e4 ({RR} 6. c4 dxc4 7. Qa4 Bd6 8. Qxc4 O-O 9. a3 Be6 10. Qc2 Qd7 11. b4 Bh3 12. Bb2 Rae8 13. Nbd2 a6 14. e4 Nh5 15. Bxh3 Qxh3 16. Kh1 Rd8 17. Rae1 Rfe8 18. Qd1 Nf6 19. Ng1 Qe6 20. Qc2 Bf8 {Damljanovic,B (2572)-Ivanisevic,I (2645) Valjevo 2012 ½-½ (40)}) 6... dxe4 7. dxe4 Bg4 ({RR} 7... Qxd1 8. Rxd1 Bc5 9. Nc3 Bd7 10. h3 O-O-O 11. Be3 Bxe3 12. fxe3 Be6 13. Kf2 Nd7 14. a3 Nb6 15. Bf1 f6 16. b3 Rxd1 17. Rxd1 Rd8 18. Rxd8+ Nxd8 19. g4 c6 20. Nh4 Kc7 21. Nf5 Bxf5 22. exf5 {Jaiveer,M (2242)-Amarasinghe,A (1867) chess.com INT 2024 1-0 (51)}) 8. c3 a5 $146 ({RR} 8... Qxd1 9. Rxd1 Nxe4 10. Re1 O-O-O 11. Rxe4 Rd1+ 12. Re1 Bxf3 13. Rxd1 Bxd1 14. Be3 Bg4 15. Nd2 Bd7 16. a4 a6 17. b4 Be7 18. Nc4 Be6 19. b5 Bxc4 20. bxc6 bxc6 21. Bxc6 Rd8 22. Be4 Bd3 23. Bc6 {Kriz,M-Pribyl,J (2425) Olomouc 1982 0-1 (31)}) 9. Qe2 Bd6 10. a4 O-O 11. Nbd2 Nd7 12. Nc4 Nc5 13. Rd1 Qe7 14. h3 Be6 15. Be3 Nxe4 16. Nxd6 cxd6 17. Nxe5 Nxg3 18. fxg3 dxe5 19. Qf2 Rfd8 20. Bb6 Rxd1+ 21. Rxd1 Bb3 22. Rd2 Bxa4 23. Bd5 Nd8 24. Bxd8 Rxd8 25. Qxf7+ Qxf7 26. Bxf7+ Kxf7 27. Rxd8 Bc6 28. Kf2 a4 29. Ke3 Ke6 30. g4 Ke7 31. Rg8 Kf7 32. Rc8 g5 33. Rc7+ Kf6 34. Kd3 Bg2 35. Ke3 Bxh3 36. Kf3 b5 37. Rc6+ Kg7 38. Rb6 Bf1 39. Ke4 Be2 40. Kf5 Bd3+ 41. Kxe5 Bc4 42. Kf5 Bd3+ 43. Ke6 Be2 44. Ke5 Bd3 45. Kd4 Bf1 46. Kc5 Be2 47. Kb4 Kh7 48. Rb7+ Kg6 49. Rb6+ Kg7 50. Rd6 Bf1 51. Rd4 Be2 52. Kc5 Kf6 53. Rd6+ Kg7 54. Kc6 Kh7 55. Rd4 Kg6 56. Kd5 Kf6 57. Kd6 Bf3 58. Rb4 Be2 59. Re4 Bd3 60. Re3 Bc4 61. Rf3+ Kg6 62. Ke7 Be2 63. Rf6+ Kg7 64. Rb6 Bc4 65. Kd6 Kf6 66. Kc5+ Ke5 67. Rxh6 Kf4 68. Kd4 Be2 69. Rf6+ Kxg4 70. Ke3 Bc4 71. Rf2 Kg3 72. Rf5 g4 73. Re5 Bf1 74. Rd5 Bc4 75. Rf5 Kh4 76. Kf4 Be2 77. Rg5 Kh3 78. Re5 Bc4 79. Re3+ Kh4 80. Rg3 Be2 81. Rg2 Bf3 82. Rh2# 1-0

[Event "July 23 Late 2024"]
[Site "Chess.com"]
[Date "2024.07.23"]
[Round "2.61"]
[White "Liu, Eric"]
[Black "Pinero Rodriguez, Carlos Jose"]
[Result "1-0"]
[ECO "A05"]
[WhiteElo "2563"]
[BlackElo "2802"]
[PlyCount "91"]
[EventDate "2024.??.??"]
[WhiteTeam "USA"]
[BlackTeam "VEN"]
[TimeControl "180+1"]
[WhiteClock "0:00:19"]

1. b3 b6 2. Bb2 Bb7 3. Nf3 Nf6 4. g3 e6 5. Bg2 c5 ({RR} 5... Be7 6. O-O O-O 7. c4 a5 8. Nc3 Ne4 9. Qc2 Nxc3 10. Bxc3 Nc6 11. Rad1 d6 12. d4 Nb4 13. Qb2 f5 14. a3 Na6 15. d5 e5 16. Nxe5 dxe5 17. d6 Bxg2 18. dxe7 Qxe7 19. Kxg2 e4 20. Rd5 {Adewumi,T (2362)-Erdogmus,Y (2618) chess.com INT 2025 0-1 (57)}) 6. a4 $146 ({RR} 6. O-O d5 7. d3 Nbd7 8. Nbd2 Be7 9. Re1 O-O 10. e4 dxe4 11. dxe4 Qc7 12. e5 Nd5 13. h4 Rad8 14. Qe2 Nb4 15. Ne4 c4 16. a3 Bxe4 17. Qxe4 c3 18. Bc1 Nd5 19. Ng5 Bxg5 20. Bxg5 Rde8 {Escobar Torres,A (2095)-Giraud,S (2015) Castelldefels 2005 1-0 (42)}) ({RR} 6. O-O Be7 7. d3 O-O 8. e4 d6 9. Qe2 Nc6 10. Nbd2 Nd7 11. c3 Nde5 12. d4 Nxf3+ 13. Nxf3 cxd4 14. cxd4 d5 15. e5 Nb4 16. Rfd1 Rc8 17. Ne1 Ba6 18. Qd2 Qd7 19. Bc3 Nc6 20. Nc2 Rc7 {Nakamura,H (2735)-Vasquez Schroder,R (2506) ICC INT 2010 ½-½ (59)}) 6... a6 7. h4 Be7 8. d3 d6 9. Nbd2 Nbd7 10. e4 Qc7 11. O-O O-O 12. c4 Rfd8 13. Re1 Bf8 14. Nf1 d5 15. cxd5 exd5 16. e5 Ng4 17. e6 fxe6 18. Ng5 Nde5 19. f3 d4 20. fxg4 Bxg2 21. Kxg2 Qc6+ 22. Ne4 Bd6 23. Qe2 Rf8 24. Nfd2 Bc7 25. Nc4 Ng6 26. h5 Ne7 27. Rf1 b5 28. axb5 axb5 29. Ncd2 Nd5 30. Rxf8+ Rxf8 31. Nf1 h6 32. Rc1 c4 33. bxc4 bxc4 34. Rxc4 Qb7 35. Bxd4 Bb8 36. Ne3 Qb1 37. Nxd5 exd5 38. Nd2 Qb7 39. Rc1 Qd7 40. Rf1 Re8 41. Qf3 Qd6 42. Qf4 Qd7 43. Qf5 Qd6 44. Qf3 Qd7 45. Rf2 Kh8 46. Nf1 1-0

[Event "July 23 Late 2024"]
[Site "Chess.com"]
[Date "2024.07.23"]
[Round "3.49"]
[White "Andreikin, Dmitry"]
[Black "Ratkovic, Miloje"]
[Result "1-0"]
[ECO "A07"]
[WhiteElo "3112"]
[BlackElo "2756"]
[PlyCount "111"]
[EventDate "2024.??.??"]
[WhiteTeam "FID"]
[BlackTeam "SRB"]
[TimeControl "180+1"]
[WhiteClock "0:01:38"]

1. Nf3 d5 2. b3 Nf6 3. Bb2 c6 4. g3 Bf5 5. Bg2 e6 6. d3 h6 7. Nbd2 Be7 8. O-O O-O 9. Re1 a5 10. e4 Bh7 11. a3 Na6 12. Qe2 Nc5 13. e5 Nfd7 14. Nf1 b5 15. h4 Na6 16. Ne3 $146 ({RR} 16. N1h2 a4 17. bxa4 bxa4 18. Ng4 Kh8 19. Bc1 Rb8 20. Bf4 Nc7 21. Nd4 Rb6 22. Qd2 Qb8 23. Nf3 Rb2 24. Nd4 Rb6 25. h5 c5 26. Nf3 Rb2 27. Rec1 Rd8 28. Kh2 c4 29. Bxh6 gxh6 30. Nxh6 Rf8 {Shibut,M (2253)-Charbonneau,P (2505) Ledyard 2009 0-1 (41)}) 16... Rb8 17. Ng4 c5 18. Bc1 c4 19. bxc4 bxc4 20. dxc4 Nc7 21. Rd1 Nb6 22. Nd4 Qd7 23. c5 Bxc5 24. Bxh6 f5 25. exf6 gxh6 26. Qe5 Rf7 27. Nxh6+ Kh8 28. Nxf7+ Qxf7 29. Nxe6 Qxe6 30. Qxc7 Rg8 31. Qxc5 Qxf6 32. Qd4 Qxd4 33. Rxd4 Bxc2 34. Rc1 Bb3 35. Rc6 Rb8 36. Rg4 Kh7 37. Bf1 Bc4 38. Bxc4 Nxc4 39. Rgxc4 dxc4 40. Rxc4 Rb3 41. Ra4 Rb5 42. Kg2 Kh6 43. Rf4 Kh5 44. Kh3 Rb6 45. Rf5+ Kh6 46. Rxa5 Rc6 47. a4 Ra6 48. Rg5 Rb6 49. Rb5 Ra6 50. a5 Rc6 51. Rb6 Kh5 52. f3 Rf6 53. f4 Rc6 54. f5 Rc3 55. Rb5 Rc6 56. Rb4 1-0

[Event "July 23 Late 2024"]
[Site "Chess.com"]
[Date "2024.07.23"]
[Round "4.41"]
[White "Eljanov, Pavel"]
[Black "Korchmar, Vasiliy"]
[Result "1-0"]
[ECO "A07"]
[WhiteElo "2911"]
[BlackElo "2607"]
[PlyCount "67"]
[EventDate "2024.??.??"]
[WhiteTeam "UKR"]
[BlackTeam "FID"]
[TimeControl "180+1"]
[WhiteClock "0:01:09"]

1. Nf3 d5 2. g3 g6 3. Bg2 Bg7 4. O-O e5 5. d3 Ne7 6. Nc3 O-O ({RR} 6... Nbc6 7. e4 dxe4 8. Nxe4 O-O 9. Re1 h6 10. Bd2 b6 11. b4 a6 12. a4 Be6 13. Rb1 Nd4 14. Nxd4 exd4 15. h4 Nd5 16. a5 Qd7 17. f4 f5 18. Nf2 b5 19. h5 gxh5 20. Qxh5 Rae8 21. Qf3 {Caruana,F (2793)-Dominguez Perez,L (2748) Saint Louis USA 2024 ½-½ (90)}) 7. a4 h6 $146 ({RR} 7... c5 8. e4 d4 9. Ne2 Nec6 10. Nd2 Be6 11. f4 exf4 12. gxf4 f5 13. e5 Bd5 14. Nc4 Bxg2 15. Kxg2 Qd5+ 16. Kg1 Na6 17. Ng3 Nc7 18. Bd2 b6 19. Qe2 Ne6 20. h4 h5 21. Qh2 Bh6 22. Rf2 {Martirosyan,H (2667)-Anton Guijarro,D (2665) chess.com INT 2024 1-0 (71)}) 8. a5 a6 9. e4 d4 10. Nb1 c5 11. Nbd2 Be6 12. Nc4 Bxc4 13. dxc4 Nbc6 14. Bd2 Nb4 15. Ne1 Nec6 16. c3 dxc3 17. bxc3 Nd3 18. Be3 Nxe1 19. Rxe1 Qe7 20. Qd5 Rfd8 21. Qxc5 Qe6 22. Bf1 Rd7 23. Qb6 h5 24. Red1 Rad8 25. Rd5 Qe7 26. Rad1 h4 27. Bh3 Rd6 28. Bc5 Rxd5 29. cxd5 Qe8 30. Qxb7 Nxa5 31. Qxa6 Nb3 32. Be3 hxg3 33. hxg3 Rb8 34. d6 1-0

[Event "July 23 Late 2024"]
[Site "Chess.com"]
[Date "2024.07.23"]
[Round "4.60"]
[White "Harvey, Marcus R"]
[Black "Martinez Pla, Xavier"]
[Result "1-0"]
[ECO "A05"]
[WhiteElo "2734"]
[BlackElo "2551"]
[PlyCount "108"]
[EventDate "2024.??.??"]
[WhiteTeam "ENG"]
[BlackTeam "ESP"]
[TimeControl "180+1"]
[WhiteClock "0:00:07"]
[BlackClock "0:00:09"]

1. Nf3 Nf6 2. b3 b6 3. Bb2 Bb7 4. g3 e6 5. Bg2 Be7 6. O-O O-O 7. d3 c5 8. Nbd2 d5 9. e3 Nc6 10. Qe2 ({RR} 10. e4 b5 11. Re1 Re8 12. e5 Nd7 13. h4 a5 14. h5 a4 15. h6 a3 16. Bc1 g6 17. Nb1 b4 18. Bh3 Bf8 19. Bg5 Qc7 20. Bf4 Nd4 21. Nbd2 Nxf3+ 22. Nxf3 c4 23. d4 Rac8 24. Bf1 cxb3 {Nakamura,H (2788)-Batsuren,D (2523) chess.com INT 2023 1-0 (46)}) 10... Rc8 11. a3 b5 $146 ({RR} 11... Rc7 12. e4 d4 13. Ne1 e5 14. f4 b5 15. Bc1 Bc8 16. f5 Nd7 17. Ndf3 c4 18. b4 a5 19. bxa5 Ba6 20. g4 f6 21. h4 b4 22. axb4 Nxb4 23. Ba3 cxd3 24. cxd3 Rc3 25. Bxb4 Bxb4 26. Nd2 {Tonndorf,M (2184)-Knuedel,T (2287) Verden an der Aller GER 2024 0-1 (66)}) 12. Rfe1 Qb6 13. Rab1 a5 14. h4 Qc7 15. Bh3 Rcd8 16. g4 e5 17. g5 Nd7 18. e4 d4 19. Rf1 Bc8 20. Nh2 Ndb8 21. Bf5 f6 22. g6 h6 23. Ng4 Rfe8 24. Rbe1 Bf8 25. Qf3 Bd7 26. h5 Qc8 27. Bxd7 Qxd7 28. Qg3 Na6 29. Nf3 Nc7 30. Nh4 Ne6 31. Nf5 Qc7 32. Bc1 Ng5 33. Nfxh6+ gxh6 34. Nxf6+ Kh8 35. Nxe8 Rxe8 36. f4 exf4 37. Bxf4 Qe7 38. Bxg5 hxg5 39. Rf7 Qe5 40. Qg4 Bg7 41. h6 Bxh6 42. Rh7+ Kg8 43. Rxh6 Qf6 44. Rf1 Qg7 45. Qxg5 Ne5 46. Rh7 Qxg6 47. Qxg6+ Nxg6 48. Rh5 Re5 49. Rxe5 Nxe5 50. Rf5 Nd7 51. Rd5 c4 52. Rxd7 cxb3 53. cxb3 b4 54. axb4 a4 1-0

[Event "July 23 Late 2024"]
[Site "Chess.com"]
[Date "2024.07.23"]
[Round "6.13"]
[White "Terry, Renato"]
[Black "Shirov, Alexei"]
[Result "1-0"]
[ECO "A06"]
[WhiteElo "3009"]
[BlackElo "2820"]
[PlyCount "97"]
[EventDate "2024.??.??"]
[WhiteTeam "PER"]
[BlackTeam "ESP"]
[TimeControl "180+1"]
[WhiteClock "0:00:10"]
[BlackClock "0:00:09"]

1. Nf3 d5 2. b3 Bg4 3. Bb2 Nd7 4. g3 Ngf6 5. Bg2 e6 6. d3 ({RR} 6. O-O Bc5 7. h3 Bh5 8. d3 O-O 9. Nbd2 Re8 10. c4 c6 11. a3 a5 12. Bc3 e5 13. b4 d4 14. bxc5 dxc3 15. Nb1 e4 16. dxe4 Nxe4 17. Qc1 Qf6 18. g4 Ndxc5 19. gxh5 Nb3 20. Qc2 Nxa1 {Yue,T (2047)-Nuri,M (2291) chess.com INT 2025 0-1 (31)}) 6... Bd6 7. Nbd2 Qe7 ({RR} 7... O-O 8. h3 Bh5 9. g4 Bg6 10. Nh4 Be5 11. d4 Bd6 12. Nxg6 hxg6 13. e3 c5 14. g5 Nh5 15. Nf3 cxd4 16. Qxd4 Rc8 17. O-O-O Qc7 18. Rd2 Nc5 19. Ne1 Rfd8 20. Kb1 e5 21. Qg4 d4 22. Nf3 {Carlsen,M (2859)-Keymer,V (2696) Almaty KAZ 2022 1-0}) 8. a3 $146 ({RR} 8. h3 Bxf3 9. Bxf3 Ba3 10. Qc1 Bxb2 11. Qxb2 e5 12. e3 O-O 13. O-O a5 14. a3 Rfe8 15. Bg2 h5 16. b4 h4 17. g4 Nb6 18. c4 axb4 19. axb4 c6 20. Rxa8 Rxa8 21. cxd5 Nfxd5 22. b5 Na4 {Dragun,K (2610)-Holt,C (2578) Chess.com INT 2018 ½-½}) 8... e5 9. e4 Nc5 10. exd5 Nxd5 11. h3 Bh5 12. O-O O-O 13. Qe1 Rae8 14. Ne4 Nxe4 15. dxe4 Nb6 16. Nh4 Bg6 17. Qa5 a6 18. Nf5 Bxf5 19. exf5 Qg5 20. Be4 Nd7 21. Kg2 Nc5 22. Qe1 g6 23. Bc1 Qh5 24. g4 Qh4 25. f3 Qxe1 26. Rxe1 Nxe4 27. fxe4 Rd8 28. Be3 f6 29. Red1 Kf7 30. Kf3 h5 31. gxh5 gxf5 32. exf5 e4+ 33. Ke2 Rh8 34. h6 Rdg8 35. Rg1 Bf8 36. Rxg8 Rxg8 37. Rd1 Rg2+ 38. Kf1 Rxc2 39. h7 Kg7 40. Rd8 Rc3 41. Ke2 Kxh7 42. Rxf8 Rxb3 43. Rxf6 Rxa3 44. Rf7+ Kg8 45. Rxc7 Ra5 46. f6 Rf5 47. Bd4 Rf3 48. Rxb7 a5 49. h4 1-0

[Event "July 23 Late 2024"]
[Site "Chess.com"]
[Date "2024.07.23"]
[Round "6.63"]
[White "Chen, Max"]
[Black "Rogov, Matfey"]
[Result "1-0"]
[ECO "A09"]
[WhiteElo "2556"]
[BlackElo "2685"]
[PlyCount "127"]
[EventDate "2024.??.??"]
[WhiteTeam "CAN"]
[BlackTeam "RUS"]
[TimeControl "180+1"]
[WhiteClock "0:00:07"]

1. Nf3 d5 2. c4 d4 3. g3 Nc6 4. Bg2 e5 5. d3 Bb4+ 6. Nbd2 a5 7. O-O Nf6 8. a3 Be7 9. Qa4 ({RR} 9. b3 O-O 10. Rb1 Re8 11. Ne1 Bf5 12. Nc2 Bf8 13. b4 axb4 14. axb4 Qd7 15. b5 Na5 16. Nf3 h6 17. Ra1 Bd6 18. e3 Nb3 19. Rxa8 Rxa8 20. Ncxd4 Nxc1 21. Nxf5 Nxd3 22. Bh3 Qd8 23. Qxd3 e4 {Kozul,Z (2597)-Brkic,A (2598) Sarajevo 2018 1-0 (63)}) ({RR} 9. Ne1 O-O 10. b3 Nd7 11. Nc2 Nc5 12. Rb1 Bg4 13. Ne4 Na6 14. f4 Qd7 15. Nf2 Bh5 16. Bh3 f5 17. Bg2 exf4 18. Bxf4 Rae8 19. Re1 Nc5 20. Qc1 h6 21. h4 Bf6 22. Bf3 Bxf3 23. exf3 b6 {Sandeep,S (1746)-Panda,S (2383) Ahmedabad IND 2025 0-1 (35)}) 9... Bd7 10. Qc2 O-O 11. e4 $146 ({RR} 11. b3 Qc8 12. Re1 Bh3 13. Bh1 Re8 14. Bb2 Qf5 15. Ne4 Ng4 16. e3 Rad8 17. Rad1 h5 18. Qc1 dxe3 19. fxe3 Qg6 20. Qa1 f5 21. Nf2 Nxf2 22. Kxf2 e4 23. Ne5 Nxe5 24. Bxe5 Bg4 25. Rd2 Rxd3 {Bodicky,M (2047)-Simek,P (2290) Czech Republic 2019 0-1 (34)}) 11... dxe3 12. fxe3 Ng4 13. Re1 Bc5 14. Ne4 Ba7 15. c5 b6 16. d4 Bf5 17. h3 Nf6 18. Nxf6+ Qxf6 19. Qf2 bxc5 20. Nh4 Bd7 21. Qxf6 gxf6 22. d5 Ne7 23. d6 cxd6 24. Bxa8 Rxa8 25. e4 Rb8 26. Kg2 c4 27. Rf1 Bc6 28. Rxf6 Bxe4+ 29. Kf1 Bc5 30. g4 Nd5 31. Rh6 f6 32. Nf5 Rb3 33. Ke2 c3 34. bxc3 Nxc3+ 35. Ke1 Nd5 36. Bd2 a4 37. Ke2 Bd3+ 38. Kd1 Bxa3 39. Ne3 Nf4 40. Rxf6 Bc5 41. Rf5 Rb2 42. Kc1 Bxe3 43. Bxe3 Rc2+ 44. Kd1 Nd5 45. Bd2 Rc4 46. Rf3 e4 47. Rf2 e3 48. Bxe3 Nxe3+ 49. Kd2 Nc2 50. Kxd3 Nxa1 51. Kxc4 Nb3 52. Ra2 Na5+ 53. Kd5 Kg7 54. Rxa4 Nb3 55. Kxd6 Nd2 56. Rd4 Nf3 57. Rd5 Kg6 58. Ke6 h6 59. Ke7 Ng5 60. h4 Nf3 61. h5+ Kg7 62. Rf5 Nh2 63. Rf6 Nxg4 64. Rg6+ 1-0

[Event "July 23 Late 2024"]
[Site "Chess.com"]
[Date "2024.07.23"]
[Round "6.94"]
[White "Brady, Tyson"]
[Black "NikitaShandrygin"]
[Result "1-0"]
[ECO "A07"]
[WhiteElo "2526"]
[BlackElo "2720"]
[PlyCount "77"]
[EventDate "2024.??.??"]
[WhiteTeam "USA"]
[TimeControl "180+1"]
[WhiteClock "0:00:39"]
[BlackClock "0:00:19"]

1. Nf3 Nf6 2. g3 g6 3. Bg2 Bg7 4. O-O O-O 5. d3 d5 6. c4 Nc6 7. cxd5 Nxd5 8. a3 a5 ({RR} 8... Bg4 9. h3 Bxf3 10. Bxf3 Qd7 11. Qb3 Nb6 12. Bg2 Nd4 13. Qd1 e5 14. Nc3 Rad8 15. Be3 c6 16. Rc1 Rfe8 17. b4 Nd5 18. Nxd5 cxd5 19. Bxd4 exd4 20. h4 Qe6 21. Rc7 Qxe2 22. Rxb7 a6 23. Ra7 {Stojanovski,S (2169)-Schnaider,I (2323) chess.com INT 2024 1-0 (71)}) 9. Qc2 e5 10. Nc3 Nb6 $146 ({RR} 10... h6 11. Nxd5 Qxd5 12. Be3 Be6 13. Ng5 Qb3 14. Qxb3 Bxb3 15. Ne4 Bd5 16. Nf6+ Bxf6 17. Bxd5 Kg7 18. Rac1 Ra6 19. Rc4 Rb8 20. Rfc1 Ne7 21. Bf3 c6 22. g4 Nc8 23. b4 Nd6 24. Rc5 a4 25. R5c2 {Stojanovski,S (2179)-Czerw,D (2400) chess.com INT 2023 0-1 (65)}) 11. Be3 Nd4 12. Qd1 Be6 13. Bxd4 exd4 14. Na4 c6 15. Nc5 Bc8 16. Rc1 Nd5 17. Nd2 b6 18. Na4 Bb7 19. Bxd5 cxd5 20. Qb3 Ra6 21. Nf3 Re8 22. Rc2 Bc8 23. Qb5 Qd7 24. Qxd7 Bxd7 25. b3 Bf8 26. Ra1 Bxa4 27. bxa4 Bc5 28. Kf1 Ra7 29. Nd2 Kg7 30. Nb3 Bd6 31. Nxd4 Be5 32. Nb5 Rae7 33. Rb1 h5 34. h4 g5 35. hxg5 Kg6 36. Rc6+ Kf5 37. d4 Bxg3 38. fxg3 Rxe2 39. Nd6+ 1-0